 Dungeon Crawl Stone Soup version 0.28.0-49-g6dfe1f597d (console) character file.

Game seed: 9113151010685312939

78 Faeu the Chopper (level 4, 0/61 HPs)
             Began as a Minotaur Berserker on May 15, 2022.
             Was a Follower of Trog.
             Slain by an adder (3 damage)
             ... on level 3 of the Dungeon.
             The game lasted 00:00:43 (1028 turns).

Faeu the Chopper (Minotaur Berserker)               Turns: 1028, Time: 00:00:44

Health: 0/61       AC:  2    Str: 24    XL:     4   Next: 15%
Magic:  3/3        EV: 12    Int:  4    God:    Trog [*.....]
Gold:   57         SH:  0    Dex:  9    Spells: 3/3 levels left

rFire   . . .      SeeInvis .   a - +0 hand axe {axe}
rCold   . . .      Faith    .   (no shield)
rNeg    . . .      Spirit   .   b - +0 animal skin
rPois   .          Reflect  .   (helmet restricted)
rElec   .          Harm     .   (no cloak)
rCorr   .          Rampage  .   (no gloves)
Will    .....                   (no boots)
Stlth   ..........              (no amulet)
HPRegen 0.20/turn               (no ring)
MPRegen 0.08/turn               (no ring)

@: berserking, lethally poisoned (0 -> -1), very quick
A: horns 2, retaliatory headbutt
a: Renounce Religion, Berserk


You were on level 3 of the Dungeon.
You worshipped Trog.
Trog was aware of your devotion.
You visited 1 branch of the dungeon, and saw 3 of its levels.

You collected 57 gold pieces.


Innate Abilities, Weirdness & Mutations

You have a pair of horns on your head.
You reflexively headbutt those who attack you in melee.


   Skills:
 + Level 4.3 Fighting
 + Level 4.4 Axes
 + Level 3.3 Armour
 + Level 3.0 Dodging


You had 3 spell levels left.
You didn't know any spells.
Your spell library was empty.

Inventory:

Hand Weapons
 a - a +0 hand axe (weapon) {axe}
Armour
 b - a +0 animal skin (worn)
 d - a +0 pair of gloves
   (You found it on level 1 of the Dungeon)
Jewellery
 e - an amulet of reflection
   (You found it on level 1 of the Dungeon)
Potions
 c - a potion of curing {unknown}
 f - a potion of might {unknown}
 g - a potion of flight {unknown}

Dungeon Overview and Level Annotations

Branches:
Dungeon (2/15)

Altars:

#.#.# #.#.# #########
#.#.# ........#### ##
###.#.### .(......##.. .
.......#
.....(..##.#.######...#.#
........##.#.........†#.#
$.....)o'.............#..
.....K.S##.####.##......#
$...##'#@.....#.##....#.#
. #......##.#.##.#.....
#.......#......#.##.#
#.......#......#..#.#
#.......#......##.#.#
#.......#.........#.#
#...#####.....#####.#
#... .......+ #.#
####....# #..
#....##.#### #.....


You could see an adder, an orc and a kobold.


Message History

You furiously retaliate!
You headbutt the kobold, but do no damage.
The adder bites you.
* * * LOW HITPOINT WARNING * * *
You are poisoned.
The adder poisons you!
There are monsters nearby!
You are too injured to fight recklessly!
There are monsters nearby!
You are too injured to fight recklessly!
There are monsters nearby!
You are too injured to fight recklessly!
There are monsters nearby!
You are too injured to fight recklessly!
There are monsters nearby!
You are too injured to fight recklessly!
There are monsters nearby!
You are too injured to fight recklessly!
There are monsters nearby!
You are too injured to fight recklessly!
There are monsters nearby!
You are too injured to fight recklessly!
There are monsters nearby!
You are too injured to fight recklessly!
There are monsters nearby!
You are too injured to fight recklessly!
There are monsters nearby!
You are too injured to fight recklessly!
There are monsters nearby!
You are too injured to fight recklessly!
There are monsters nearby!
You are too injured to fight recklessly!
There are monsters nearby!
You are too injured to fight recklessly!
There are monsters nearby!
You are too injured to fight recklessly!
There are monsters nearby!
You are too injured to fight recklessly!
There are monsters nearby!
You are too injured to fight recklessly!
There are monsters nearby!
You are too injured to fight recklessly!
There are monsters nearby!
You are too injured to fight recklessly!
There are monsters nearby!
You are too injured to fight recklessly!
You feel sick. 😨 HP[-18]
You take 18 damage, and now have 12/33 hp.
MASSIVE DAMAGE!! (PAUSE)
A red film seems to cover your vision as you go berserk!
You feel yourself moving faster!
You feel mighty!
You feel sick.
The orc wizard points at you and mumbles some strange words.
You resist with significant effort. 😨 HP[+5]
You now have 49 max hp (+16).
You regained 5 hp, and now have 17/49 hp.
You barely miss the orc wizard.
You feel sick.
The orc wizard points at you and mumbles some strange words.
The puff of flame misses you. 😨 HP[-1]
You take 1 damage, and now have 16/49 hp.
You barely miss the orc wizard. The orc wizard closely misses you.
You barely miss the orc wizard. Your headbutt misses the orc wizard.
You feel sick.
The orc wizard hits you with a +0 dagger.
* * * LOW HITPOINT WARNING * * *
You slash the orc wizard!
You feel sick. 😨 HP[-3]
You take 3 damage, and now have 13/49 hp.
You closely miss the orc wizard. You headbutt the orc wizard.
You kill the orc wizard!
Trog accepts your kill.
Trog appreciates your killing of a magic user.
You feel sick.
You are no longer poisoned.
Your Dodging skill increases to level 3!
You have reached level 4!
You feel stronger. 😱 HP[+2] MP[+1]
You now have 61 max hp (+12).
You regained 2 hp, and now have 15/61 hp.
Your mp is fully restored (3).
You barely miss the adder. The adder bites you.
* * * LOW HITPOINT WARNING * * *
😱 HP[-3]
You take 3 damage, and now have 12/61 hp.
You closely miss the adder. You headbutt the adder. The adder bites you.
* * * LOW HITPOINT WARNING * * *
You are poisoned.
The adder poisons you! 😱 HP[-4]
You take 4 damage, and now have 8/61 hp.
You closely miss the adder.
You feel sick. The adder bites you.
* * * LOW HITPOINT WARNING * * *
😱 HP[-4]
You take 4 damage, and now have 4/61 hp.
You miss the adder. Your headbutt misses the adder.
You feel sick. The adder bites you.
You die...

Skill      XL: |  1  2  3 |
---------------+----------+-----
Axes           | 4 |  4.4
Fighting       | 4 |  4.3
Armour         | 3 |  3.3
Dodging        | 3 |  3.0

Action                   |  1- 3 |  4- 6 || total
-------------------------+-------+-------++-------
Melee: Hand axe          |    48 |     4 ||    52
       Headbutt          |     7 |     1 ||     8
       Punch             |     1 |       ||     1
Invok: Berserk           |     2 |       ||     2
Armor: Animal skin       |     5 |       ||     5
Dodge: Dodged            |    31 |       ||    31

Levels and vault maps discovered:
D:1:      eino_arrival_water_star, layout_loops_ring
D:2:      layout_basic, patterned_corridor
D:3:      layout_basic, serial_shops, nicolae_shop_stone

Notes
Turn   | Place    | Note
-------+----------+-------------------------------------------
     0 | D:1      | Faeu the Minotaur Berserker began the quest for the Orb.
     0 | D:1      | Reached XP level 1. HP: 19/19 MP: 0/0
     0 | D:1      | magus.rc [v1.9.6]
   312 | D:1      | Reached XP level 2. HP: 23/27 MP: 1/1
   404 | D:1      | Reached skill level 4 in Axes
   408 | D:1      | Reached skill level 4 in Fighting
   822 | D:2      | Reached skill level 3 in Armour
   822 | D:2      | Reached XP level 3. HP: 32/33 MP: 2/2
   941 | D:2      | You fall into a shaft and drop 1 floor!
  1024 | D:3      | HP: 12/49 [poisoned by an adder]
  1025 | D:3      | Reached skill level 3 in Dodging
  1025 | D:3      | Reached XP level 4. HP: 15/41 MP: 3/3
  1027 | D:3      | HP: 4/61 [adder (3)]
  1028 | D:3      | Slain by an adder

Vanquished Creatures
  An orc wizard (D:3)
  2 adders
  A dart slug (D:1)
  2 orcs (D:3)
  2 endoplasms (D:1)
  2 goblins (D:1)
  A hobgoblin (D:1)
  3 jackals (D:1)
  3 quokkas
  2 ball pythons
  3 bats
  A frilled lizard (D:1)
  2 kobolds
  7 rats (D:1)
32 creatures vanquished.

Table legend:
 A = Non-vault XP
 B = Vault XP
 C = Vault XP percentage of total XP
 D = Non-vault monster count
 E = Vault monster count
 F = Vault count percentage of total count
                 A         B        C        D         E       F
            +---------+---------+-------+---------+---------+-------
      Total |     112 |       0 |   0.0 |      32 |       0 |   0.0
            +---------+---------+-------+---------+---------+-------
        D:1 |      37 |       0 |   0.0 |      23 |       0 |   0.0
        D:2 |      17 |       0 |   0.0 |       3 |       0 |   0.0
        D:3 |      58 |       0 |   0.0 |       6 |       0 |   0.0
            +---------+---------+-------+---------+---------+-------

Illustrated notes

Table legend:
 A = Kills in this place as a percentage of kills in entire the game.
 B = Kills by you in this place as a percentage of kills by you in the entire game.
 C = Kills by friends in this place as a percentage of kills by friends in the entire game.
 D = Other kills in this place as a percentage of other kills in the entire game.
 E = Experience gained in this place as a percentage of experience gained in the entire game.
 F = Experience gained in this place divided by the number of levels of this place that you have seen.
                   A       B       C       D       E      F
               +-------+-------+-------+-------+-------+----------------------
         Total | 100.0 | 100.0 |   N/A |   N/A | 100.0 |  37.3
       Dungeon | 100.0 | 100.0 |   N/A |   N/A | 100.0 |  37.3
               +-------+-------+-------+-------+-------+----------------------

Table legend: (Time is in decaauts)
 A = Elapsed time spent in this place.
 B = Non-inter-level travel time spent in this place.
 C = Inter-level travel time spent in this place.
 D = Time resting spent in this place.
 E = Time spent auto-exploring this place.
 F = Levels seen in this place.
 G = Mean time per level.
                   A        B        C        D        E       F      G
               +--------+--------+--------+--------+--------+-----+--------+
         Total |   1038 |   1004 |     34 |    103 |    766 |   3 |  346.0 |
       Dungeon |   1038 |   1004 |     34 |    103 |    766 |   3 |  346.0 |
               +--------+--------+--------+--------+--------+-----+--------+

Top non-repeatable levels by time:
     D:1: 823 daAuts
     D:2: 129 daAuts
     D:3: 85 daAuts
